 Dungeon Crawl Stone Soup version 0.31.0-11-ge490571c62 (webtiles) character file.

Game seed: 7316247519779941135

560 freelancePsychic the Magician (level 7, 0/52 HPs)
             Began as a Djinni Alchemist on Jan 29, 2024.
             Was an Initiate of Makhleb.
             Slain by a gnoll
             ... wielding a +0 flail
              (12 damage)
             ... on level 5 of the Dungeon.
             The game lasted 00:07:48 (3189 turns).

freelancePsychic the Magician (Djinni Alchemist)    Turns: 3189, Time: 00:07:49

Health: 0/52       AC:  4    Str:  7    XL:     7   Next: 57%
Gold:   133        EV: 11    Int: 19    God:    Makhleb [......] SH:  0 Dex: 13

rFire   + + .        w - +0 demon trident (freeze)
rCold   x . .        (no shield)
rNeg    + . .        d - +0 leather armour
rPois   ∞            p - +0 helmet
rElec   .            (no cloak)
rCorr   .            (no gloves)
SInv    .            (boots unavailable)
Will    .....        (no amulet)
Stlth   ++           s - ring of positive energy
HPRegen 0.28/turn    (no ring)
MPRegen 0.00/turn

%: infuse magic (-1 HP)
@: flying
A: sickness immunity, fire resistance 2, cold vulnerability 1, float, innate
caster, HP casting, extra vitality 1
a: Renounce Religion


You were on level 5 of the Dungeon.
You worshipped Makhleb.
Makhleb was noncommittal.
You visited 2 branches of the dungeon, and saw 6 of its levels.

You collected 182 gold pieces.
You spent 49 gold pieces at shops.

Inventory:

Hand Weapons
 w - a +0 demon trident of freezing (weapon)
Armour
 a - a +0 robe
 d - a +0 leather armour (worn)
 p - a +0 helmet (worn)
Magical Staves
 r - a staff of fire
Jewellery
 s - a ring of positive energy (left hand)
Wands
 q - a wand of roots (7)
 v - a wand of mindburst (18)
Scrolls
 e - 2 scrolls of noise {unknown}
 f - a scroll of teleportation {unknown}
 h - 5 scrolls of identify {unknown}
 i - 2 scrolls of enchant weapon {unknown}
 j - a scroll of torment {unknown}
 k - 2 scrolls of poison {unknown}
 u - a scroll of blinking {unknown}
Potions
 b - 2 potions of berserk rage {unknown}
 c - a potion of heal wounds {@q2}
 g - a potion of haste {unknown}
 l - a potion of brilliance {unknown}
 m - 2 potions of curing {unknown}
 n - a potion of cancellation {unknown}
 o - a potion of mutation {unknown}
 t - a potion of enlightenment {unknown}


   Skills:
 + Level 4.0 Fighting
 - Level 2.1 Dodging
 - Level 1.5 Stealth
 * Level 5.8 Spellcasting
 * Level 5.8 Conjurations
 * Level 5.8 Hexes
   Level 0.0 Charms
 * Level 5.8 Summonings
 * Level 5.8 Necromancy
 * Level 5.8 Translocations
   Level 0.0 Transmutations
 * Level 5.8 Fire Magic
 * Level 5.8 Ice Magic
 * Level 5.8 Air Magic
 * Level 5.8 Earth Magic
 * Level 5.8 Alchemy


You knew the following spells:

 Your Spells              Type           Power      Damage    Failure   Level
a - Sting                 Conj/Alch      100%       1d9       1%          1
b - Searing Ray           Conj           54%        2d6       2%          2
c - Mephitic Cloud        Conj/Alch/Air  27%        N/A       4%          3
d - Olgreb's Toxic Radia  Alch           27%        N/A       16%         4
e - Sticky Flame          Fire/Alch      27%        2d7       16%         4
f - Kiss of Death         Conj/Necr      100%       2d13      1%          1
g - Mercury Vapours       Alch/Air       54%        N/A       2%          2
h - Momentum Strike       Conj/Tloc      54%        3d9       2%          2
Your spell library was empty.

Dungeon Overview and Level Annotations

Branches:
Dungeon (5/15)             Temple (1/1) D:4

Altars:
Cheibriados
Dithmenos
Elyvilon
Gozag
Makhleb
Ru
Uskayaw
Zin
The Shining One

Shops:
D:3 [   D:4 :

Annotations:
D:5 exclusion: wyvern


Innate Abilities, Weirdness & Mutations

You are immune to sickness and miasma.
You are immune to poison.
Your flesh is very heat resistant. (rF++)
You are vulnerable to cold. (rC-)
You float through the air rather than walking.
You learn spells naturally, not from books.
Your magical power is your life essence.
You have superior vitality. (+4 MHP)


Message History

Your toxic aura wanes.
You start resting.
HP restored.
You fly downwards.
Level annotation: exclusion: wyvern The gnoll hits you with a +0 club.
The phantom barely misses you. The gnoll misses you. The phantom hits you.
The gnoll barely misses you.
There is a stone staircase leading up here.
Casting: Olgreb's Toxic Radiance (quite dangerous; 16% risk of failure)
Confirm with . or Enter, or press ? or * to list all spells.
You begin to radiate toxic energy.
The gnoll is poisoned. x3
The gnoll barely misses you.
The gnoll hits you from afar with a +0 spear.
The gnoll hits you with a +0 flail. The phantom barely misses you.
The gnoll looks even sicker.
The gnoll hits you with a +0 flail.
The gnoll hits you from afar with a +0 spear.
The gnoll closely misses you. The phantom hits you.
The phantom blinks!
You blink.
You stop ascending the stairs.
Found a glaive.
The gnoll looks even sicker.
Your toxic aura wanes.
The gnoll attacks as it pursues you! The gnoll barely misses you.
Found 8 gold pieces.
You kill the gnoll!
Makhleb accepts your kill. The phantom attacks as it pursues you!
The phantom hits you.
The phantom blinks!
You blink.
Your Fighting skill increases to level 4!
You barely miss the phantom. The phantom barely misses you.
You barely miss the phantom. The phantom hits you!
* * * LOW HITPOINT WARNING * * *
The phantom blinks!
You blink.
It was a potion of heal wounds.
You feel much better. The gnoll hits you with a +0 flail. The phantom hits you!
You barely miss the phantom.
The gnoll looks more healthy.
You kill the gnoll!
Makhleb accepts your kill. The gnoll hits you with a +0 flail!
* * * LOW HITPOINT WARNING * * *
The phantom closely misses you. The gnoll hits you with a +0 flail!
You die...

...............
...)............
...............
#.............
###............
#............#
#............#
#....).......+
###.@g.......#
#...W....##....
#.....##.......$
#.....##........
#....>##........
##...###........
+.... .........
#.$.. #........
#.... #........


You could see a phantom and a gnoll.

Vanquished Creatures
  Grinder (D:4)
  Eustachio (D:4)
  A bombardier beetle (D:4)
  Jessica (D:3)
  3 gnolls
  7 adders
  A white imp (D:4)
  A dart slug (D:2)
  A ribbon worm (D:4)
  An orc (D:4)
  5 bats
  4 endoplasms
  5 giant cockroaches
  4 goblins
  2 hobgoblins
  3 jackals (D:4)
  6 kobolds
  5 quokkas
  4 ball pythons (D:1)
  6 frilled lizards
  3 rats (D:1)
65 creatures vanquished.

Notes
Turn   | Place    | Note
-------+----------+-------------------------------------------
     0 | D:1      | freelancePsychic the Djinni Alchemist began the quest for
                  | the Orb.
     0 | D:1      | freelancePsychic set off with the following spells
                  | memorised: Sting, Mercury Vapours, Mephitic Cloud, Olgreb's
                  | Toxic Radiance, Sticky Flame.
     0 | D:1      | Reached XP level 1. HP: 15/15 MP: 0/0
   273 | D:1      | Reached XP level 2. HP: 8/22 MP: 0/0
   415 | D:1      | Reached skill level 1 in Fighting
   592 | D:1      | Reached XP level 3. HP: 25/27 MP: 0/0
   592 | D:1      | Learned a level 1 spell: Kiss of Death
  1363 | D:3      | Reached XP level 4. HP: 28/32 MP: 0/0
  1471 | D:3      | Noticed Jessica
  1476 | D:3      | Killed Jessica
  1614 | D:3      | Found Lucliunk's Armour Shop.
  1620 | D:3      | Bought a +0 helmet for 49 gold pieces
  1843 | D:4      | Reached XP level 5. HP: 33/38 MP: 0/0
  1843 | D:4      | Learned a level 2 spell: Searing Ray
  1981 | D:4      | Found a staircase to the Ecumenical Temple.
  1989 | Temple   | Entered the Ecumenical Temple
  1999 | Temple   | Became a worshipper of Makhleb the Destroyer
  2029 | D:4      | Found Nuumiff's Book Boutique.
  2133 | D:4      | Noticed Grinder
  2137 | D:4      | Paralysed by Grinder for 3 turns
  2152 | D:4      | Killed Grinder
  2153 | D:4      | Reached skill level 5 in Spellcasting
  2153 | D:4      | Reached skill level 5 in Conjurations
  2153 | D:4      | Reached skill level 5 in Hexes
  2153 | D:4      | Reached skill level 5 in Summonings
  2153 | D:4      | Reached skill level 5 in Necromancy
  2153 | D:4      | Reached skill level 5 in Translocations
  2153 | D:4      | Reached skill level 5 in Fire Magic
  2153 | D:4      | Reached skill level 5 in Ice Magic
  2153 | D:4      | Reached skill level 5 in Air Magic
  2153 | D:4      | Reached skill level 5 in Earth Magic
  2153 | D:4      | Reached skill level 5 in Alchemy
  2153 | D:4      | Reached XP level 6. HP: 14/46 MP: 0/0
  2415 | D:4      | Noticed Eustachio
  2434 | D:4      | Killed Eustachio
  2435 | D:4      | Reached XP level 7. HP: 19/51 MP: 0/0
  2435 | D:4      | Learned a level 2 spell: Momentum Strike
  2774 | D:5      | Entered Level 5 of the Dungeon
  2774 | D:5      | Noticed a wyvern
  3189 | D:5      | Slain by a gnoll

Illustrated notes

Levels and vault maps discovered:
D:1:      evilmike_arrival_plus, layout_basic, minmay_close_crescents
D:2:      layout_basic, uniq_sigmund
D:3:      layout_basic, serial_shops, shop, uniq_jessica
D:4:      layout_loops_corners, minmay_temple_entry_gardened_gates,
          nicolae_take_the_stairs, kennysheep_nub, grunt_ministairs_6,
          minmay_fractal_squares_gapless_5, uniq_eustachio, uniq_grinder
D:5:      layout_basic, grunt_temple_overflow_open
Temple:   hellmonk_temple_rainy

Skill      XL: |  1  2  3  4  5  6  7 |
---------------+----------------------+-----
Fighting       | 1 2 3 4 |  4.0
Spellcasting   | 4 5 |  5.8
Conjurations   | 4 5 |  5.8
Hexes          | 4 5 |  5.8
Summonings     | 4 5 |  5.8
Necromancy     | 4 5 |  5.8
Translocations | 4 5 |  5.8
Fire Magic     | 4 5 |  5.8
Ice Magic      | 4 5 |  5.8
Air Magic      | 4 5 |  5.8
Earth Magic    | 4 5 |  5.8
Alchemy        | 4 5 |  5.8
Dodging        | |  2.1
Stealth        | |  1.5

Action                     |  1- 3 |  4- 6 |  7- 9 || total
---------------------------+-------+-------+-------++-------
  Melee: Unarmed           |    30 |    23 |       ||    53
         Demon trident     |       |       |     5 ||     5
   Cast: Sting             |    34 |     6 |       ||    40
         Mercury Vapours   |    39 |    18 |       ||    57
         Searing Ray       |       |    10 |     5 ||    15
         Olgreb's Toxic Ra |       |     3 |     3 ||     6
         Mephitic Cloud    |       |     1 |       ||     1
  Evoke: Wand              |       |     1 |       ||     1
    Use: Potion            |       |       |     1 ||     1
 Armour: Leather armour    |    22 |    20 |    22 ||    64
         Robe              |     1 |       |       ||     1
  Dodge: Dodged            |    35 |    21 |    12 ||    68
